 Dungeon Crawl Stone Soup version 0.30-a0-540-g0af01429fa (webtiles) character file.

Game seed: 4510382044156896806

46236 greenreed the Bludgeoner (level 14, -21/135 HPs)
             Began as a Minotaur Fighter on Dec 25, 2022.
             Was a High Priest of Makhleb.
             Killed from afar by a fire giant (43 damage)
             ... with a fireball
             ... on level 15 of the Dungeon.
             The game lasted 00:36:03 (14554 turns).

greenreed the Bludgeoner (Minotaur Fighter)        Turns: 14554, Time: 00:36:03

Health: -21/135    AC: 43    Str: 26    XL:     14   Next: 4%
Magic:  22/22      EV:  6    Int:  5    God:    Makhleb [*****.]
Gold:   349        SH:  5    Dex: 10    Spells: 13/13 levels left

rFire   . . .      SeeInvis +    h - +1 demon whip (vorpal)
rCold   + . .      Faith    +    c - +0 buckler
rNeg    . . .      Spirit   .    J - +13 crystal plate armour of Gallantry {rPois}
rPois   +          Reflect  .    E - +2 hat
rElec   .          Harm     .    b - +1 cloak {Will+}
rCorr   .          Rampage  .    N - +1 pair of gloves
Will    +++..                    U - +0 pair of boots Stlth
                                 O - amulet of faith
HPRegen 0.42/turn                P - ring of Jepp {rC+ SInv}
MPRegen 0.18/turn                C - ring of willpower

@: no status effects
A: horns 2, retaliatory headbutt
a: Renounce Religion, Minor Destruction, Lesser Servant of Makhleb, Major
Destruction, Greater Servant of Makhleb


You were on level 15 of the Dungeon.
You worshipped Makhleb.
Makhleb was extremely pleased with you.
You visited 2 branches of the dungeon, and saw 16 of its levels.
You visited 1 bazaar.
You also visited: Bailey.

You collected 1479 gold pieces.
You spent 1130 gold pieces at shops.

Inventory:

Hand Weapons
 a - a +0 flail
 h - a +1 vorpal demon whip (weapon)
 u - a +2 morningstar of protection
Missiles
 R - a throwing net
Armour
 b - a +1 cloak of willpower (worn)
 c - a +0 buckler (worn)
 E - a +2 hat (worn)
 J - the +13 crystal plate armour of Gallantry (worn) {rPois}
   (You acquired it in a bailey)

   rPois:     It protects you from poison.
 N - a +1 pair of gloves (worn)
 U - a +0 pair of boots (worn)
Jewellery
 r - a ring of see invisible
 w - a ring of fire
 y - a ring of poison resistance
 C - a ring of willpower (right hand)
 D - a ring of magical power
 H - a +6 ring of intelligence
 O - an amulet of faith (around neck)
 P - the ring of Jepp (left hand) {rC+ SInv}
   (You bought it in a shop on level 3 of the Dungeon)

   [ring of protection from cold]

   rC:        It protects you from cold.
   SInv:      It lets you see invisible.
 S - a +4 ring of slaying
 V - a +6 ring of intelligence
 Y - a ring of positive energy
Wands
 e - a wand of digging (15)
 s - a wand of roots (7)
 A - a wand of polymorph (2)
 F - a wand of flame (19)
Scrolls
 i - 9 scrolls of teleportation
 k - 5 scrolls of magic mapping
 l - 6 scrolls of immolation
 m - 3 scrolls of torment
 n - 3 scrolls of noise
 o - 3 scrolls of fear
 q - 5 scrolls of amnesia
 t - 4 scrolls of enchant armour
 z - 4 scrolls of fog
 B - 3 scrolls of vulnerability
 K - 3 scrolls of enchant weapon
 L - a scroll of poison
 X - a scroll of blinking
Potions
 d - 4 potions of might
 f - 6 potions of mutation
 g - 13 potions of curing
 j - a potion of resistance {unknown}
 p - 4 potions of cancellation
 v - 2 potions of magic
 x - 3 potions of brilliance {unknown}
 G - 2 potions of berserk rage
 I - 3 potions of flight
 M - a potion of haste {unknown}
 Q - a potion of attraction {unknown}
 T - 2 potions of degeneration {unknown}
 W - a potion of invisibility {unknown}


   Skills:
 * Level 15.2 Fighting
 - Level 16.0 Maces & Flails
 + Level 11.8 Armour
 + Level 2.3 Dodging
 + Level 1.0 Stealth
 + Level 8.5 Shields
 * Level 12.1 Invocations


You had 13 spell levels left.
You didn't know any spells.
Your spell library contained the following spells:

 Spells                   Type           Power      Damage    Failure   Level
 Beastly Appendage        Tmut           0%         N/A       100%        1
 Sublimation of Blood     Necr           0%         N/A       100%        2
 Wereblood                Tmut           0%         N/A       100%        2
 Gell's Gravitas          Tloc           0%         N/A       100%        3
 Spider Form              Tmut/Pois      0%         N/A       100%        3
 Summon Guardian Golem    Hex/Summ       0%         N/A       100%        3
 Teleport Other           Tloc           0%         N/A       100%        3
 Petrify                  Tmut/Erth      0%         N/A       100%        4
 Irradiate                Conj/Tmut      0%         3d11      100%        5
 Dispersal                Tloc           0%         N/A       100%        6
 Orb of Destruction       Conj           0%         9d5       100%        7
 Spellforged Servitor     Conj/Summ      0%         N/A       100%        7


Dungeon Overview and Level Annotations

Branches:
Dungeon (15/15)            Temple (1/1) D:5            Lair (0/5) D:11
    Orc (0/2) D:9          Vaults (0/5) D:13         Depths (0/4) D:15
 Bailey (visited)

Altars:
Ashenzari
Cheibriados
Dithmenos
Elyvilon
Fedhas
Gozag
Hepliaklqana
Kikubaaqudgha
Makhleb
Nemelex Xobeh
Okawaru
Qazlal
Ru
Sif Muna
Trog
Uskayaw
Vehumet
Wu Jian
Xom
Yredelemnul
Zin
The Shining One

Shops:
D:3 =(([(   D:12 *   D:15 *

Annotations:
D:12 3 runed translucent doors, p00ps00p's ghost, journeyman HOFi


Innate Abilities, Weirdness & Mutations

You have a pair of horns on your head.
You reflexively headbutt those who attack you in melee.


Message History

You hear a roar!
Aiming: Major Destruction (1% risk of failure)
Press: ? - help, Shift-Dir - straight line, f/p - fire giant
Aim: a fire giant, wielding a +2 great sword of flaming (black smoke, severely wounded, covered in acid, lightly drained)
The bolt of fire hits the fire giant.
The fire giant resists.
The fire giant is severely wounded.
h - a +1 vorpal demon whip (weapon)
You start resting.
A fire giant is nearby!
You hit the fire giant.
The fire giant is severely wounded.
The fire giant hits you but does no damage.
You hit the fire giant. You headbutt the fire giant!
The fire giant is almost dead.
Press: ? - help, v - describe, . - travel
Here: a fire giant, wielding a +2 great sword of flaming (almost dead, lightly drained)
The floor.
You hit the fire giant.
The fire giant is almost dead.
The fire giant casts a spell at you.
The bolt of fire hits you but does no damage.
You whack the fire giant!
The fire giant is almost dead.
You barely miss the fire giant.
The fire giant is almost dead.
The fire giant hits you with a +2 great sword of flaming!!
* * * LOW HITPOINT WARNING * * *
The fire giant burns you.
* * * LOW HITPOINT WARNING * * *
You feel better.
The fire giant gestures at you while chanting.
The bolt of fire hits you but does no damage.
You barely miss the fire giant.
You headbutt the fire giant, but do no damage.
The fire giant is almost dead.
You hit the fire giant but do no damage.
The fire giant is almost dead.
The fire giant casts a spell at you.
The fireball explodes!
The fireball engulfs you!!!
You die...

...###### #.#
#.....# #.#
#.###.#####.#
#.#...)..##.#
###.#.#.##.##.#
.
#.....#.#...<.#
..
#)###.#.#######
... ###.# #.#.#
.... #@..# #....
..... ##C##
###.#
......###..####
#.. #...§.....#
## #..§≈≈§≈≈≈..#
#..§.≈§#§§....#
#.§.#≈≈≈§§#.§§#
#.≈≈≈≈.§.§§≈≈.#
....≈C§...§§≈§§#


You could see a fire giant (drained).

Vanquished Creatures
  Agnes (D:15)
  Harold (D:10)
  A hydra (D:14)
  2 vault guards
  2 boulder beetles
  A centaur warrior (D:14)
  Erica (D:8)
  3 two-headed ogres
  8 slime creatures
  Urug (D:10)
  Amaemon (D:8)
  Sonja (D:11)
  5 skeletal warriors
  A sea snake (shapeshifter) (D:15)
  A steelbarb worm (shapeshifter) (D:12)
  2 necromancers (D:13)
  An orc knight (Bailey)
  Pikel (D:8)
  12 ugly things
  2 deep elf pyromancers (D:12)
  2 wizards (D:13)
  7 cyclopes
  An orc sorcerer (Bailey)
  2 manticores
  An elephant (D:11)
  Maurice (D:8)
  An orange demon (D:8)
  4 gargoyles
  Psyche (D:8)
  2 efreet
  An unseen horror (D:10)
  A yaktaur (D:15)
  A kobold demonologist (Bailey)
  3 trolls
  3 meliai (D:15)
  A hornet (D:10)
  2 vampires
  3 shadows
  17 yaks
  A wraith (D:11)
  2 wyverns
  A basilisk (D:11)
  18 humans (D:13)
  2 steam dragons
  13 vampire mosquitoes
  Menkaure (D:4)
  3 acid dragons
  A water moccasin (D:7)
  Duvessa (D:5)
  13 orc warriors
  An ice beast (D:7)
  A black bear (D:11)
  3 ogres
  2 phantoms
  2 centaurs
  A lemure (D:7)
  3 kobold brigands
  A bullfrog (D:9)
  3 gnoll sergeants
  2 necrophages
  2 scorpions
  5 wights (D:6)
  Dowan (D:5)
  13 killer bees
  2 electric eels (Bailey)
  4 howler monkeys
  A hound (D:7)
  10 orc priests
  2 jellies
  3 iguanas
  Ijyb (D:4)
  7 orc wizards
  4 adders
  16 gnolls
  2 white imps
  2 ufetubi
  2 worms
  3 dart slugs
  49 orcs
  10 ball pythons
  7 bats
  9 endoplasms
  4 giant cockroaches
  11 hobgoblins
  8 kobolds
  6 quokkas
  2 frilled lizards
  11 goblins
  2 rats
376 creatures vanquished.

Vanquished Creatures (collateral kills)
  Lodul (D:10)
  6 ogres (D:10)
7 creatures vanquished.

Vanquished Creatures (others)
  A wizard (D:5)
  A sky beast (D:7)
  A kobold (D:8)
  A butterfly (D:10)
  A fungus (D:11)
  A plant (D:11)
6 creatures vanquished.

Grand Total: 389 creatures vanquished

Notes
Turn   | Place    | Note
-------+----------+-------------------------------------------
     0 | D:1      | greenreed the Minotaur Fighter began the quest for the Orb.
     0 | D:1      | Reached XP level 1. HP: 19/19 MP: 0/0
   192 | D:1      | Found a faded altar of an unknown god.
   228 | D:1      | Reached XP level 2. HP: 27/27 MP: 1/1
   752 | D:2      | Reached XP level 3. HP: 33/33 MP: 2/2
  1143 | D:3      | Found Diutwod's Jewellery Emporium.
  1170 | D:3      | Reached skill level 3 in Maces & Flails
  1237 | D:3      | Found Utipsyq's Armour Shoppe.
  1257 | D:3      | Found Iqutt's Antique Weapon Shoppe.
  1407 | D:3      | Found Onusaek's Antique Weapon Shop.
  1469 | D:3      | Reached XP level 4. HP: 39/40 MP: 3/3
  1562 | D:3      | Found a glowing silver altar of Zin.
  1821 | D:3      | Found Weusmor's Antique Weapon Boutique.
  1982 | D:4      | Reached skill level 4 in Maces & Flails
  2028 | D:4      | Noticed Menkaure
  2035 | D:4      | Killed Menkaure
  2036 | D:4      | Reached skill level 5 in Maces & Flails
  2036 | D:4      | Reached XP level 5. HP: 10/47 MP: 4/4
  2181 | D:4      | Noticed Ijyb
  2193 | D:4      | Killed Ijyb
  2318 | D:4      | Reached XP level 6. HP: 19/55 MP: 5/5
  2495 | D:3      | Bought a runed morningstar for 189 gold pieces
  2614 | D:4      | Reached skill level 5 in Fighting
  2618 | D:4      | Reached skill level 1 in Dodging
  2623 | D:4      | Reached skill level 5 in Armour
  2954 | D:5      | Entered Level 5 of the Dungeon
  2954 | D:5      | Found a staircase to the Ecumenical Temple.
  2968 | D:5      | Reached skill level 6 in Maces & Flails
  2977 | Temple   | Entered the Ecumenical Temple
  3122 | D:5      | Reached XP level 7. HP: 48/61 MP: 6/6
  3180 | Temple   | Reached skill level 5 in Shields
  3241 | D:5      | Noticed Duvessa
  3242 | D:5      | Noticed Dowan
  3304 | D:4      | Reached skill level 7 in Maces & Flails
  3345 | D:5      | Killed Duvessa
  3430 | D:5      | Killed Dowan
  3515 | D:5      | Found a burning altar of Makhleb.
  3527 | D:5      | Reached XP level 8. HP: 67/70 MP: 7/7
  3528 | D:5      | Became a worshipper of Makhleb the Destroyer
  3561 | D:5      | Reached skill level 8 in Maces & Flails
  3766 | D:5      | Found a bloodstained altar of Trog.
  3767 | D:5      | Noticed a wizard
  3772 | D:5      | Killed a wizard
  3887 | D:5      | Noticed a +0 dagger
  3887 | D:5      | Noticed a +0 dagger
  3888 | D:5      | Found a hide-covered altar of Uskayaw.
  4094 | D:6      | Reached skill level 1 in Invocations
  4107 | D:6      | Found a sacrificial altar of Ru.
  4252 | D:6      | Found an iron altar of Okawaru.
  4357 | D:6      | Reached skill level 9 in Maces & Flails
  4650 | D:7      | Reached XP level 9. HP: 75/79 MP: 9/9
  4658 | D:7      | Reached skill level 10 in Maces & Flails
  4668 | D:7      | Found a flagged portal.
  4707 | Bailey   | Entered a bailey
  4749 | Bailey   | Reached * piety under Makhleb
  4870 | Bailey   | Acquired the +13 crystal plate armour of Gallantry {rPois}
  5034 | Bailey   | Noticed an orc sorcerer
  5037 | Bailey   | Found an iron altar of Okawaru.
  5045 | Bailey   | Killed an orc sorcerer
  5046 | Bailey   | Reached skill level 11 in Maces & Flails
  5077 | Bailey   | Noticed a kobold demonologist
  5175 | Bailey   | Noticed an ice devil
  5179 | Bailey   | Killed a kobold demonologist
  5386 | Bailey   | Noticed an orc knight
  5405 | Bailey   | Killed an orc knight
  5406 | Bailey   | Reached skill level 12 in Maces & Flails
  5406 | Bailey   | Reached XP level 10. HP: 45/90 MP: 11/11
  5835 | D:7      | Reached ** piety under Makhleb
  6505 | D:8      | Noticed Psyche
  6544 | D:8      | Killed Psyche
  6787 | D:8      | Noticed Erica
  6787 | D:8      | Noticed Pikel
  6898 | D:8      | Reached skill level 13 in Maces & Flails
  6997 | D:8      | Killed Pikel
  7021 | D:8      | Killed Erica
  7171 | D:8      | Reached skill level 5 in Invocations
  7219 | D:8      | Noticed Maurice
  7274 | D:8      | Reached skill level 14 in Maces & Flails
  7286 | D:8      | Killed Maurice
  7286 | D:8      | Reached *** piety under Makhleb
  7287 | D:8      | Reached XP level 11. HP: 81/99 MP: 13/13
  7542 | D:8      | Noticed Amaemon
  7569 | D:8      | Killed Amaemon
  7570 | D:8      | Reached skill level 10 in Fighting
  7850 | D:9      | Found a staircase to the Orcish Mines.
  8022 | D:9      | Noticed a two-headed ogre
  8033 | D:9      | Killed a two-headed ogre
  8612 | D:9      | Found a radiant altar of Vehumet.
  8665 | D:9      | Found a glowing golden altar of the Shining One.
  8714 | D:10     | Entered Level 10 of the Dungeon
  8807 | D:10     | Found a sparkling altar of Nemelex Xobeh.
  8945 | D:10     | Noticed Lodul
  8954 | D:10     | Killed Lodul
  8956 | D:10     | Reached skill level 15 in Maces & Flails
  9121 | D:3      | Bought an amulet of faith for 480 gold pieces
  9121 | D:3      | Bought the ring of Jepp {rC+ SInv} for 434 gold pieces
  9228 | D:10     | Found a white marble altar of Elyvilon.
  9272 | D:10     | Found a shimmering altar of Xom.
  9386 | D:10     | Noticed Harold
  9403 | D:10     | Killed Harold
  9563 | D:10     | Reached **** piety under Makhleb
  9688 | D:10     | Noticed Urug
  9696 | D:10     | Killed Urug
  9835 | D:11     | Noticed Sonja
  9884 | D:11     | Reached XP level 12. HP: 110/110 MP: 16/16
  9886 | D:11     | Killed Sonja
  9904 | D:11     | Found a staircase to the Lair.
 10493 | D:12     | Found a runed translucent gate.
 10493 | D:12     | Found a runed translucent gate.
 10493 | D:12     | Found a runed translucent gate.
 10494 | D:12     | You fall into a shaft and drop 3 floors!
 10494 | D:15     | Entered Level 15 of the Dungeon
 10494 | D:15     | Found Uqemm's Assorted Antiques.
 10573 | D:15     | Noticed a two-headed ogre
 10573 | D:15     | Noticed a two-headed ogre
 10573 | D:15     | Noticed a two-headed ogre
 10573 | D:15     | Noticed a two-headed ogre
 10593 | D:14     | Noticed a boulder beetle
 10621 | D:14     | Killed a boulder beetle
 10736 | D:14     | Reached ***** piety under Makhleb
 10805 | D:14     | Noticed a centaur warrior
 10825 | D:14     | Killed a centaur warrior
 11009 | D:14     | Noticed a seven-headed hydra
 11015 | D:14     | Killed a seven-headed hydra
 11145 | D:14     | Reached skill level 10 in Armour
 11165 | D:14     | Reached skill level 16 in Maces & Flails
 11183 | D:13     | Identified the +8 short sword "Xidugof" {freeze, Will+
                  | Str+3 Int-3 SInv}
 11218 | D:13     | Found a flickering gateway to a bazaar.
 11260 | Bazaar   | Entered a bazaar
 11301 | Bazaar   | Found Vehanuang's Antique Armour Shoppe.
 11328 | Bazaar   | Found Vipnip's Book Shop.
 11364 | Bazaar   | Found Demog's Weapon Shoppe.
 11484 | D:13     | Noticed a two-headed ogre
 11490 | D:13     | Killed a two-headed ogre
 11617 | D:13     | Noticed a boulder beetle
 11672 | D:13     | Killed a boulder beetle
 11673 | D:13     | Reached skill level 1 in Stealth
 11775 | D:13     | Reached XP level 13. HP: 122/122 MP: 19/19
 11800 | D:13     | Reached skill level 10 in Invocations
 12406 | D:12     | Found a runed translucent gate.
 12406 | D:12     | Found a runed translucent gate.
 12409 | D:12     | Found a runed translucent gate.
 12414 | D:12     | Noticed a tentacled monstrosity
 12414 | D:12     | Noticed a cacodemon
 12415 | D:12     | Noticed p00ps00p's ghost (journeyman HOFi)
 12568 | D:12     | Found Duigavim's Assorted Antiques.
 12572 | D:12     | Bought a scroll labelled NETUOL UCAOTE for 27 gold pieces
 13689 | D:13     | Reached ****** piety under Makhleb
 13691 | D:13     | Found a gate to the Vaults.
 14102 | D:14     | Reached skill level 15 in Fighting
 14285 | D:15     | Noticed Agnes
 14305 | D:15     | Killed Agnes
 14306 | D:15     | Reached XP level 14. HP: 112/135 MP: 20/22
 14393 | D:15     | Found a staircase to the Depths.
 14394 | D:15     | Noticed a fire giant
 14554 | D:15     | Killed from afar by a fire giant

Illustrated notes

Levels and vault maps discovered:
D:1:      ncdulo_smallfort, layout_rooms, hellmonk_ecumenical_altar_arch_garden
D:2:      layout_basic, grunt_decor_arrowhead
D:3:      layout_loops_ring, zin_statuary, serial_shops, shop,
          nicolae_shop_behind_doors, nicolae_shop_statue_plus,
          nicolae_shop_hallway_plus, nicolae_lakefront_shop
D:4:      layout_rooms, uniq_ijyb, uniq_menkaure
D:5:      layout_rooms, dancing_weapons_uskayaw, bloody_makhleb, trog_wizard,
          minmay_temple_entry_butterflies, st_stairs_8, uniq_duvessa
D:6:      layout_basic, mainiacjoe_overflow_paths,
          hellmonk_okawaru_the_only_friend_you_need, nrook_loot_triangle
D:7:      layout_loops_ring, enter_bailey_3
D:8:      layout_layer_cave, uniq_psyche, uniq_maurice, uniq_pikel,
          uniq_amaemon, uniq_erica
D:9:      layout_cave_pods, general_overflow_altar, tso_oasis_becter,
          orc_0_dummy
D:10:     layout_irregular_city, mainiacjoe_overflow_alcove_1,
          mainiacjoe_overflow_24_doors, nicolae_elyvilon_peaceful_grove,
          kennysheep_nondescript, uniq_harold, uniq_urug, uniq_lodul
D:11:     layout_roguey, david_lair_generic, uniq_sonja
D:12:     layout_big_octagon, serial_shops, kennysheep_mini_moat,
          ploomutoo_gammafunk_ghost_potion_laboratory
D:13:     kennysheep_spiral_hall, layout_long_grid, grunt_vaults_entry_tiered,
          serial_shops, bzr_entry_water
D:14:     layout_roguey
D:15:     grunt_enter_depths_giant_problem, layout_basic,
          nicolae_trove_entry_free_sample, serial_shops,
          nicolae_shop_statue_plus, uniq_agnes
Temple:   chequers_temple_sunken

Skill      XL: |  1  2  3  4  5  6  7  8  9 10 11 12 13 |
---------------+----------------------------------------+-----
Armour         | 4 5 6 7 8 9 10 11 | 11.8
Shields        | 4 5 6 7 8 |  8.5
Fighting       | 4 5 6 7 8 9 11 13 15 | 15.2
Maces & Flails | 3 5 6 7 9 12 14 15 16 | 16.0
Dodging        | 1 2 |  2.3
Invocations    | 2 3 5 7 9 12 | 12.1
Stealth        | 1 |  1.0

Action                   |  1- 3 |  4- 6 |  7- 9 | 10-12 | 13-15 || total
-------------------------+-------+-------+-------+-------+-------++-------
Melee: Flail             |    92 |   106 |    61 |       |       ||   259
       Headbutt          |     7 |    18 |    41 |   138 |   107 ||   311
       Morningstar       |       |       |   170 |   198 |       ||   368
       Demon whip        |       |       |       |   405 |   444 ||   849
Invok: Minor Destruction |       |       |       |    52 |    33 ||    85
       Lesser Servant of |       |       |       |     4 |     2 ||     6
       Major Destruction |       |       |       |       |     9 ||     9
  Use: Potion            |       |       |     1 |     1 |     1 ||     3
       Scroll            |       |       |     1 |    18 |     2 ||    21
 Stab: Distracted        |       |       |       |     1 |       ||     1
Armor: Scale mail        |    45 |    43 |    52 |       |       ||   140
       Crystal plate arm |       |       |    37 |   455 |   260 ||   752
Dodge: Dodged            |    37 |    33 |    82 |   101 |    67 ||   320
Block: Buckler           |    24 |    24 |    59 |    98 |    75 ||   280

Table legend: (Time is in decaauts)
 A = Elapsed time spent in this place.
 B = Non-inter-level travel time spent in this place.
 C = Inter-level travel time spent in this place.
 D = Time resting spent in this place.
 E = Time spent auto-exploring this place.
 F = Levels seen in this place.
 G = Mean time per level.
                   A        B        C        D        E       F      G
               +--------+--------+--------+--------+--------+-----+--------+
         Total |  14244 |  13451 |    793 |   1159 |   9467 |  18 |  791.3 |
       Dungeon |  12832 |  12054 |    778 |    828 |   8752 |  15 |  855.5 |
        Temple |    252 |    237 |     15 |    169 |      0 |   1 |  252.0 |
        Bazaar |    129 |    129 |      0 |      0 |    102 |   1 |  129.0 |
        Bailey |   1030 |   1030 |      0 |    162 |    613 |   1 | 1030.0 |
               +--------+--------+--------+--------+--------+-----+--------+

Top non-repeatable levels by time:
    D:13: 1217 daAuts
     D:7: 1146 daAuts
    D:12: 1070 daAuts
     D:8: 1070 daAuts
     D:4: 1049 daAuts
  Bailey: 1030 daAuts
    D:14: 1028 daAuts
     D:3: 998 daAuts
     D:9: 913 daAuts
    D:10: 856 daAuts
     D:6: 689 daAuts
     D:5: 684 daAuts
    D:11: 624 daAuts
     D:1: 608 daAuts
     D:2: 534 daAuts
